 Dungeon Crawl Stone Soup version 0.24.0-123-gd5b16e6ec5 (webtiles) character file.

Game seed: 11505261738897182272, levelgen mode: deterministic

387 MisterOstroum the Firebug (level 6, 6/32 HPs)
             Began as a Deep Elf Fire Elementalist on Jan 11, 2020.
             Quit the game on level 4 of the Dungeon.
             The game lasted 00:08:46 (4004 turns).

MisterOstroum the Firebug (DEFE)                    Turns: 4004, Time: 00:08:47

Health: 6/32       AC:  5    Str:  3 (5)  XL:     6   Next: 49%
Magic:  1/13       EV: 13    Int: 21 (22) God:
Gold:   179        SH:  0    Dex: 13 (15) Spells: 1/12 levels left

rFire    . . .     SeeInvis .   o - +0 dagger
rCold    . . .     Gourm    .   (no shield)
rNeg     . . .     Faith    .   a - +1 robe
rPois    .         Spirit   .   (no helmet)
rElec    .         Reflect  .   (no cloak)
rCorr    .         Harm     .   k - +1 pair of gloves
MR       .....                  (no boots)
Stlth    ++........             (no amulet)
HPRegen  0.10/turn              (no ring)
MPRegen  0.13/turn              (no ring)

@: lethally poisoned (6 -> -25), flying, very slightly contaminated, hasted,
very quick
A: no striking features
a: no special abilities


You were on level 4 of the Dungeon.
You were very hungry.

You visited 1 branch of the dungeon, and saw 4 of its levels.

You collected 179 gold pieces.

Inventory:

Hand Weapons
 i - a +0 spear
 l - a cursed +0 dagger
 o - a +0 dagger (weapon)
Missiles
 b - 8 bolts
 g - 113 arrows
 h - 82 stones
 m - 18 boomerangs (quivered)
 n - 8 poisoned darts
 p - a boomerang of dispersal
Armour
 a - a +1 robe (worn)
 k - a +1 pair of gloves (worn)
Jewellery
 r - an uncursed ring of see invisible
Scrolls
 f - a scroll of enchant armour
 s - 2 scrolls of magic mapping {unknown}
 u - a scroll of fear {!r}
Potions
 d - a potion of degeneration
 t - a potion of agility {@q5 !q}
Comestibles
 e - 7 rations


   Skills:
 - Level 2.4 Dodging
 - Level 2.4 Stealth
 + Level 3.8 Spellcasting
 * Level 5.1 Conjurations
 * Level 5.8 Fire Magic


You had one spell level left.
You knew the following spells:

 Your Spells              Type           Power        Failure   Level  Hunger
a - Flame Tongue          Conj/Fire      ####.        1%          1    None
b - Throw Flame           Conj/Fire      ####..       1%          2    #......
c - Fireball              Conj/Fire      ####......   34%         5    ######.
d - Conjure Flame         Conj/Fire      ####....     3%          3    ###....

Your spell library contained the following spells:

 Spells                   Type           Power        Failure   Level  Hunger
 Inner Flame              Hex/Fire       ###.....     11%         3    ###....
 Sticky Flame             Conj/Fire      ####....     13%         4    ####...


Dungeon Overview and Level Annotations

Branches:
Dungeon (4/15)
 Temple: D:4-7

Altars:
Fedhas
Yredelemnul

Annotations:
D:3 1 runed translucent door, caleiya's ghost, amateur GrFi
D:4 Menkaure; Sigmund


Message History

Casting: Throw Flame (safe; 1% risk of failure)
Confirm with . or Enter, or press ? or * to list all spells.
You can't see any susceptible monsters within range! (Use Z to cast anyway.)
Casting: Throw Flame (safe; 1% risk of failure)
Confirm with . or Enter, or press ? or * to list all spells.
You can't see any susceptible monsters within range! (Use Z to cast anyway.)
Found a stone staircase leading down.
You now have 179 gold pieces (gained 13).
Sigmund the Dreaded comes into view.
He is wielding a +2 scythe of venom.
Sigmund shouts!
Sigmund gestures at you while chanting. The puff of flame hits you.
Casting: Throw Flame (safe; 1% risk of failure)
Confirm with . or Enter, or press ? or * to list all spells.
Aiming: Throw Flame (safe; 1% risk of failure)
Press: ? - help, Shift-Dir - straight line, f - Sigmund
Aim: Sigmund, wielding a +2 scythe of venom and wearing a +0 robe The puff of flame hits Sigmund.
Sigmund is lightly wounded.
Casting: Throw Flame (safe; 1% risk of failure)
Confirm with . or Enter, or press ? or * to list all spells.
Aiming: Throw Flame (safe; 1% risk of failure)
Press: ? - help, Shift-Dir - straight line, f/p - Sigmund
Aim: Sigmund, wielding a +2 scythe of venom and wearing a +0 robe (lightly wounded)
The puff of flame hits Sigmund!
Sigmund is moderately wounded.
Sigmund points at you and mumbles some strange words.
You are confused.
It was a potion of degeneration.
There was something very wrong with that liquid.
You feel weakened.
You feel dopey.
You feel clumsy.
It was a potion of curing.
You feel better.
Unknown command.
Casting: Throw Flame (safe; 1% risk of failure)
Confirm with . or Enter, or press ? or * to list all spells.
The spell is very dangerous to cast (34% risk of failure)!
Continue anyway?
Okay, then.
Casting: Fireball (very dangerous; 34% risk of failure)
Confirm with . or Enter, or press ? or * to list all spells.
The spell is very dangerous to cast (34% risk of failure)!
Continue anyway?
Aiming: Fireball (very dangerous; 34% risk of failure)
Press: ? - help, Shift-Dir - straight line, f/p - Sigmund
Aim: Sigmund, wielding a +2 scythe of venom and wearing a +0 robe (moderately wounded)
You miscast Fireball.
You are very lightly contaminated with residual magic.
Heat runs through your body.
You are feeling very hungry.
Sigmund closely misses you.
Casting: Fireball (very dangerous; 34% risk of failure)
Confirm with . or Enter, or press ? or * to list all spells.
Aiming: Throw Flame (safe; 1% risk of failure)
Press: ? - help, Shift-Dir - straight line, f/p - Sigmund
Aim: Sigmund, wielding a +2 scythe of venom and wearing a +0 robe (moderately wounded)
The puff of flame hits Sigmund.
Sigmund is heavily wounded.
Sigmund closely misses you.
Casting: Throw Flame (safe; 1% risk of failure)
Confirm with . or Enter, or press ? or * to list all spells.
Aiming: Throw Flame (safe; 1% risk of failure)
Press: ? - help, Shift-Dir - straight line, f/p - Sigmund
Aim: Sigmund, wielding a +2 scythe of venom and wearing a +0 robe (heavily wounded)
The puff of flame misses Sigmund.
Casting: Throw Flame (safe; 1% risk of failure)
Confirm with . or Enter, or press ? or * to list all spells.
Aiming: Flame Tongue (safe; 1% risk of failure)
Press: ? - help, Shift-Dir - straight line, f/p - Sigmund
Aim: Sigmund, wielding a +2 scythe of venom and wearing a +0 robe (heavily wounded)
The flame tongue hits Sigmund!
Sigmund is severely wounded.
Sigmund misses you. Sigmund gestures at you while chanting.
You resist with some effort.
You hit Sigmund but do no damage.
Sigmund is severely wounded.
Sigmund gestures wildly while chanting.
Sigmund flickers and vanishes!
Deactivating autopickup; reactivate with Ctrl-A.
You barely miss something. Something hits you.
You are poisoned.
You closely miss something.
You feel sick.
You hit something but do no damage.
You feel sick.
You hear some strange, mumbled words.
Something tries to affect you, but you resist.
You hit something but do no damage.
You feel sick. Something hits you!
You are lethally poisoned!
It was a potion of flight.
You feel very buoyant.
You fly up into the air.
* * * LOW HITPOINT WARNING * * *
You feel sick. Something barely misses you.
It was a potion of haste.
You feel yourself speed up.
* * * LOW HITPOINT WARNING * * *
You feel sick.
Okay, then.
You hit something but do no damage.
* * * LOW HITPOINT WARNING * * *
You feel sick. Something hits you but does no damage.
You are more poisoned.
Why would you want to do that?
Are you sure you want to abandon this character and quit the game? (Confirm with "yes".)

# #......... #
#..........# #
#.......?..#
#...........
##...........
#............
#..{.......
#..@....#
#.......#
##......##
##.......#
##........#
##.........##
#...........#
##.>..........#
.
#...............
.


There were no monsters in sight!

Vanquished Creatures
  An ogre (D:4)
  A hound (D:4)
  2 orc priests
  An orc wizard (D:3)
  A hound skeleton (D:4)
  4 gnolls (D:2)
  6 adders
  A shadow imp (D:2)
  2 worms (D:3)
  11 orcs
  5 ball pythons
  3 bats
  A giant cockroach (D:4)
  4 goblins (D:2)
  8 hobgoblins
  3 frilled lizards
  8 kobolds
  A quokka skeleton (D:4)
  4 rats
67 creatures vanquished.

Notes
Turn   | Place    | Note
-------+----------+-------------------------------------------
     0 | D:1      | MisterOstroum the Deep Elf Fire Elementalist began the
                  | quest for the Orb.
     0 | D:1      | Reached XP level 1. HP: 10/10 MP: 6/6
   352 | D:1      | Reached XP level 2. HP: 15/15 MP: 6/8
   844 | D:2      | Reached XP level 3. HP: 19/19 MP: 6/9
   906 | D:1      | Learned a level 3 spell: Conjure Flame
   966 | D:2      | Found a basalt altar of Yredelemnul.
  1332 | D:2      | Reached XP level 4. HP: 17/24 MP: 6/10
  1896 | D:3      | Reached skill level 5 in Fire Magic
  1896 | D:3      | Reached XP level 5. HP: 17/28 MP: 3/11
  2091 | D:3      | Learned a level 5 spell: Fireball
  2734 | D:3      | Found a runed translucent door.
  2739 | D:3      | Noticed caleiya's ghost (amateur GrFi)
  3361 | D:4      | Noticed an ogre
  3368 | D:4      | Killed an ogre
  3368 | D:4      | Reached XP level 6. HP: 32/32 MP: 0/13
  3374 | D:4      | Reached skill level 5 in Conjurations
  3517 | D:4      | Found a blossoming altar of Fedhas.
  3718 | D:4      | Noticed Menkaure
  3839 | D:4      | Learned a level 2 spell: Throw Flame
  3984 | D:4      | Noticed Sigmund
  4004 | D:4      | Quit the game

Levels and vault maps discovered:
D:1:      saegor_arrival_simple_d, layout_basic
D:2:      layout_basic, chequers_serial_rivers_micro_a,
          chequers_serial_rivers_small_a, yredelemnul_altar_generic
D:3:      layout_rooms, ebering_ghost_reflecting_pool, solitary_fountain,
          lightli_corner_chamber
D:4:      layout_layer_cave, fedhas_altar_1, uniq_sigmund, uniq_menkaure

Skill      XL: |  1  2  3  4  5  6 |
---------------+-------------------+-----
Conjurations   | 2 3 4 5 |  5.1
Fire Magic     | 4 5 |  5.8
Dodging        | |  2.4
Stealth        | |  2.4
Spellcasting   | |  3.8

Action                   |  1- 3 |  4- 6 || total
-------------------------+-------+-------++-------
Melee: Spear             |     4 |     7 ||    11
       Dagger            |       |    12 ||    12
Throw: Stone             |     1 |     4 ||     5
       Boomerang         |       |    15 ||    15
 Cast: Flame Tongue      |    46 |    94 ||   140
       Fireball          |       |     2 ||     2
       Throw Flame       |       |     6 ||     6
  Use: Scroll            |     5 |     2 ||     7
       Potion            |       |     5 ||     5
  Eat: Chunk             |     1 |     8 ||     9
Armor: Robe              |       |     8 ||     8
Dodge: Dodged            |     6 |    40 ||    46
